 Dungeon Crawl Stone Soup version 0.21.1-1-g345015f (webtiles) character file.

1934 ThermosAquaticus the Carver (level 9, -3/102 HPs)
             Began as a Formicid Fighter on Feb 24, 2018.
             Killed by divine providence
             ... invoked by an orc priest
              (15 damage)
             ... on level 7 of the Dungeon.
             The game lasted 00:11:46 (6585 turns).

ThermosAquaticus the Carver (Formicid Fighter)      Turns: 6585, Time: 00:11:47

Health: -3/102     AC: 24    Str: 23    XL:     9   Next: 40%
Magic:  9/9        EV:  2    Int:  8    God:
Gold:   290        SH: 11    Dex: 11    Spells: 8/8 levels left

rFire    . . .     SeeInvis .   a - +1 long sword
rCold    . . .     Gourm    .   c - +0 shield
rNeg     + + +     Faith    .   (armour currently unavailable)
rPois    +         Spirit   .   (helmet unavailable)
rElec    .         Reflect  .   (cloak currently unavailable)
rCorr    .         Harm     .   (gloves currently unavailable)
MR       .....                  (boots currently unavailable)
Stlth    ++........             (no amulet)
HPRegen  0.27/turn              n - ring of stealth
MPRegen  0.11/turn              (no ring)

@: tree-form
A: permanent stasis, dig shafts and tunnels, four strong arms
a: no special abilities


You were on level 7 of the Dungeon.
You were hungry.
You were a tree.
You visited 1 branch of the dungeon, and saw 7 of its levels.

You collected 290 gold pieces.

Inventory:

Hand Weapons
 a - a +1 long sword (weapon)
Missiles
 h - 8 tomahawks (quivered)
 m - 51 bolts
 u - 2 throwing nets
Armour
 b - a +0 scale mail (melded)
 c - a +0 shield (worn)
 k - a +0 chain mail
Jewellery
 n - a ring of stealth (left branch)
Wands
 l - a wand of paralysis (10)
 o - a wand of disintegration (14)
 q - a wand of flame (35)
 s - a wand of acid (5)
Scrolls
 d - 3 scrolls of amnesia {unknown}
 i - a scroll of remove curse
 j - 2 scrolls of fear {unknown}
 t - 2 scrolls of identify
 w - 3 scrolls of fog {unknown}
Potions
 g - a potion of brilliance
 p - a potion of mutation
 r - a potion of invisibility
Comestibles
 f - 11 rations


   Skills:
 + Level 5.4 Fighting
 + Level 9.9 Long Blades
 - Level 3.2 Armour
 - Level 7.0 Shields


You had 8 spell levels left.
You didn't know any spells.

Dungeon Overview and Level Annotations

Branches:
Dungeon (7/15)
 Temple: D:4-7

Altars:
Sif Muna
Wu Jian
Zin

Annotations:
D:4 Autsider's ghost, novice TrAM


Innate Abilities, Weirdness & Mutations

You cannot be hasted, slowed, berserked, paralysed or teleported.
You can dig through walls and to a lower floor.
Your four strong arms can wield two-handed weapons with a shield.
((You have a pair of large antennae on your head. (SInv)))


Message History

You slash the orc warrior!
You kill the orc warrior!
The orc priest mumbles some strange prayers to Beogh against you.
Beogh smites you!
* * * LOW HITPOINT WARNING * * *
You closely miss the orc. The orc hits you but does no damage.
You hit the orc but do no damage.
The orc priest calls down the wrath of Beogh upon you.
Beogh smites you!
* * * LOW HITPOINT WARNING * * *
You block the orc's attack.
You hit the orc.
The orc is lightly wounded.
The orc priest calls upon Beogh to heal the orc.
The orc's wounds heal themselves!
You slash the orc!
You kill the orc!
The orc priest calls down the wrath of Beogh upon you.
Beogh smites you!
You die...

#........_..#....# #.......#
#................# #.......#
#................# #........
#........####....# #.......#
#.......#####....######......(.
#####>..............)))........
#############...###........
#####........#.).#.
#.♣)oo...........#.
########.####....#o
#.........#. #.........#.
#.....<...#. #.....#...##
#{.......... #.######.... 8.
....


You could see 2 orc priests.

Vanquished Creatures
  A hornet (D:6)
  Eustachio (D:5)
  2 water moccasins
  A sky beast (D:5)
  A black bear (D:7)
  An orc warrior (D:7)
  A phantom (D:5)
  2 centaurs (D:5)
  A bullfrog (D:6)
  A water moccasin skeleton (D:6)
  A killer bee (D:6)
  4 wights (D:7)
  A crimson imp (D:5)
  5 hounds
  An orc priest (D:3)
  2 orc wizards
  2 iguanas
  Terence (D:3)
  2 worker ants
  A hound skeleton (D:5)
  2 worker ant zombies
  4 adders
  A worm (D:2)
  A dart slug (D:1)
  2 leopard geckos
  5 orcs
  3 bats
  3 giant cockroaches
  4 hobgoblins
  6 jackals
  8 kobolds
  A quokka (D:2)
  A ball python (D:2)
  8 goblins
  A leopard gecko skeleton (D:5)
  5 rats
87 creatures vanquished.

Notes
Turn   | Place    | Note
-------+----------+-------------------------------------------
     0 | D:1      | ThermosAquaticus the Formicid Fighter began the quest for the Orb.
     0 | D:1      | Reached XP level 1. HP: 18/18 MP: 1/1
   142 | D:1      | Reached XP level 2. HP: 24/24 MP: 2/2
   606 | D:1      | Reached skill level 3 in Long Blades
   828 | D:1      | HP: 1/24 [poisoned by a kobold]
  1119 | D:2      | Reached XP level 3. HP: 20/29 MP: 3/3
  1831 | D:2      | Reached skill level 4 in Long Blades
  1831 | D:2      | Reached XP level 4. HP: 29/35 MP: 4/4
  2632 | D:3      | Reached XP level 5. HP: 41/41 MP: 5/5
  2641 | D:3      | Reached skill level 5 in Long Blades
  2828 | D:3      | Noticed Terence
  2833 | D:3      | Killed Terence
  2937 | D:3      | Found an ornate altar of the Wu Jian Council.
  3011 | D:4      | Noticed Autsider's ghost (novice TrAM)
  3359 | D:4      | Reached XP level 6. HP: 45/47 MP: 6/6
  3381 | D:4      | Reached skill level 6 in Long Blades
  3489 | D:5      | Entered Level 5 of the Dungeon
  3504 | D:5      | Noticed Eustachio
  3797 | D:5      | Killed Eustachio
  3797 | D:5      | Reached skill level 7 in Long Blades
  3797 | D:5      | Reached XP level 7. HP: 42/52 MP: 7/7
  4230 | D:5      | Reached skill level 8 in Long Blades
  4397 | D:5      | Reached XP level 8. HP: 49/58 MP: 8/8
  4594 | D:5      | Reached skill level 5 in Shields
  5152 | D:5      | Found a deep blue altar of Sif Muna.
  5384 | D:6      | Noticed a hornet
  5398 | D:6      | Killed a hornet
  5398 | D:6      | Reached skill level 9 in Long Blades
  5659 | D:6      | Reached XP level 9. HP: 45/65 MP: 9/9
  6405 | D:7      | Found a glowing silver altar of Zin.
  6523 | D:7      | Reached skill level 5 in Fighting
  6585 | D:7      | Killed from afar by an orc priest

Skill      XL: |  1  2  3  4  5  6  7  8  9 |
---------------+----------------------------+-----
Long Blades    | 3 4 5 7 8 9 |  9.9
Shields        | 4 7 |  7.0
Fighting       | 5 |  5.4
Armour         | |  3.2

Action                   |  1- 3 |  4- 6 |  7- 9 || total
-------------------------+-------+-------+-------++-------
Melee: Long sword        |    63 |   113 |   242 ||   418
Evoke: Wand              |       |     1 |       ||     1
  Use: Scroll            |       |    12 |     1 ||    13
       Potion            |       |     1 |     4 ||     5
 Stab: Paralysed         |       |     5 |       ||     5
  Eat: Chunk             |     2 |     7 |     2 ||    11
       Ration            |       |       |     2 ||     2
Armor: Scale mail        |    22 |    51 |    49 ||   122
       Skin              |       |       |     1 ||     1
Dodge: Dodged            |    24 |    43 |    61 ||   128
Block: Shield            |    38 |    63 |   104 ||   205
       Rpst.: Long sword |     8 |    11 |    28 ||    47
